 Dungeon Crawl Stone Soup version 0.27-a0-906-g0a00ce863d (webtiles) character file.

Game seed: 6615257284451305623

430 rocky1 the Shield-Bearer (level 6, -2/39 HPs)
             Began as a Gargoyle Fighter on Apr 7, 2021.
             Was an Initiate of Okawaru.
             Killed from afar by an orc wizard (9 damage)
             ... with a magic dart
             ... on level 4 of the Dungeon.
             The game lasted 00:06:59 (3828 turns).

rocky1 the Shield-Bearer (Gargoyle Fighter)         Turns: 3828, Time: 00:07:00

Health: -2/39      AC: 11    Str: 21    XL:     6   Next: 99%
Magic:  15/15      EV:  8    Int:  8    God:    Okawaru [......]
Gold:   113        SH:  9    Dex: 10    Spells: 5/5 levels left

rFire    . . .     SeeInvis .   a - +0 flail
rCold    . . .     Faith    .   c - +0 kite shield
rNeg     + . .     Spirit   .   i - +0 scale mail
rPois    ∞         Reflect  .   (no helmet)
rElec    +         Harm     .   (no cloak)
rCorr    .         Rampage  .   (no gloves)
Will     +....                  (no boots)
Stlth    ..........             (no amulet)
HPRegen  0.13/turn              l - ring of willpower
MPRegen  0.14/turn              o - ring of magical power

@: mighty
A: AC +4, negative energy resistance 1, electricity resistance, torment
resistance 1, unbreathing 1, petrification resistance
a: Renounce Religion


You were on level 4 of the Dungeon.
You worshipped Okawaru.
Okawaru was noncommittal.
You visited 2 branches of the dungeon, and saw 5 of its levels.

You collected 113 gold pieces.

Inventory:

Hand Weapons
 a - a +0 flail (weapon)
 b - a +0 hunting sling
Missiles
 j - 12 sling bullets
Armour
 c - a +0 kite shield (worn)
 i - a +0 scale mail (worn)
Jewellery
 l - a ring of willpower (left hand)
 o - a ring of magical power (right hand)
Wands
 s - a wand of random effects (20)
Scrolls
 e - a scroll of vulnerability {unknown}
 k - a scroll of fog {unknown}
 n - a scroll of enchant armour {unknown}
 p - a scroll of enchant weapon {unknown}
 q - 2 scrolls of fear {unknown}
 r - a scroll of noise {unknown}
 t - a scroll of identify {unknown}
Potions
 f - a potion of attraction {unknown}
 g - a potion of resistance {unknown}
 h - a potion of curing {unknown}
 m - 3 potions of heal wounds {unknown}


   Skills:
 + Level 4.6 Fighting
 + Level 3.5 Maces & Flails
 + Level 4.6 Armour
 + Level 2.2 Dodging
 + Level 4.7 Shields
 + Level 1.0 Invocations


You had 5 spell levels left.
You didn't know any spells.
Your spell library contained the following spells:

 Spells                   Type           Power      Damage    Failure   Level
 Animate Skeleton         Necr           0%         N/A       99%         1
 Apportation              Tloc           0%         N/A       99%         1
 Beastly Appendage        Tmut           0%         N/A       99%         1
 Corona                   Hex            0%         N/A       99%         1
 Summon Small Mammal      Summ           0%         N/A       99%         1
 Wereblood                Tmut           0%         N/A       100%        2
 Confusing Touch          Hex            0%         N/A       100%        3
 Gell's Gravitas          Tloc           0%         N/A       100%        3
 Spider Form              Tmut/Pois      0%         N/A       100%        3
 Ice Form                 Ice/Tmut       0%         N/A       100%        4
 Petrify                  Tmut/Erth      0%         N/A       100%        4
 Hydra Form               Tmut           0%         N/A       100%        5
 Metabolic Englaciation   Hex/Ice        0%         N/A       100%        5
 Yara's Violent Unravell  Hex/Tmut       0%         3d3       100%        5


Dungeon Overview and Level Annotations

Branches:
Dungeon (4/15)             Temple (1/1) D:4

Altars:
Ashenzari
Cheibriados
Dithmenos
Fedhas
Gozag
Kikubaaqudgha
Okawaru
Qazlal
Ru
Sif Muna
Trog
Uskayaw
Vehumet
Wu Jian
Xom
Yredelemnul
Zin
The Shining One

Annotations:
D:4 Ijyb


Innate Abilities, Weirdness & Mutations

Your stone body is resilient. (AC +4)
You are immune to poison.
You resist negative energy. (rN+)
You are resistant to electric shocks. (rElec)
You are resistant to unholy torment.
You can survive without breathing.
You are immune to petrification.


Message History

Ijyb shouts!
You block the orc's attack. Something hits you but does no damage.
You block the orc's attack.
Unknown command.
You miss something. You block something's attack. The orc barely misses you.
Unknown command.
You closely miss something. Something hits you but does no damage.
The orc hits you with a +0 hand axe. Something hits you.
You barely miss something. The orc hits you but does no damage.
Something hits you but does no damage. You block the orc's attack.
Unknown command.
You hit something. Something hits you but does no damage.
You block the orc's attack. Ijyb screams, "I dance on your bones!"
Something hits you but does no damage.
Unknown command.
You sock something! The orc hits you with a +0 hand axe.
You hear some strange, mumbled words.
A puff of flame appears from out of thin air!
The puff of flame hits you. The orc hits you but does no damage.
Unknown command.
You miss something. Something hits you but does no damage.
The orc closely misses you. Something hits you but does no damage.
You feel very mighty all of a sudden. The orc hits you with a +0 hand axe.
* * * LOW HITPOINT WARNING * * *
You block something's attack.
Unknown command.
You closely miss something. You block the orc's attack.
Something hits you but does no damage. The orc hits you but does no damage.
You closely miss something. Something hits you but does no damage.
The orc hits you with a +0 hand axe.
* * * LOW HITPOINT WARNING * * *
Something hits you but does no damage.
Unknown command.
You closely miss the orc. You block the orc's attack.
You hear some strange, mumbled words.
A magic dart appears from out of thin air!
The magic dart hits you!
You die...

############ ..
#..........# ...
#..........# $...
#..........#
....##..........#
................######
.....................#
...........o########.#
.)........≈≈≈≈≈≈.#


You could see Ijyb and an orc.

Vanquished Creatures
  A black bear (D:4)
  Blork the orc (D:4)
  Jessica (D:3)
  Natasha (thrice) (D:3)
  An iguana (D:3)
  Robin (D:3)
  6 adders
  2 worms
  A dart slug (D:1)
  3 bats
  5 endoplasms
  A giant cockroach (D:2)
  11 goblins
  9 hobgoblins
  13 jackals
  6 kobolds
  3 quokkas
  7 ball pythons
  2 frilled lizards
  6 rats
83 creatures vanquished.

Notes
Turn   | Place    | Note
-------+----------+-------------------------------------------
     0 | D:1      | rocky1 the Gargoyle Fighter began the quest for the Orb.
     0 | D:1      | Reached XP level 1. HP: 14/14 MP: 1/1
   225 | D:1      | Reached XP level 2. HP: 15/19 MP: 2/2
   473 | D:1      | Found a faded altar of an unknown god.
   772 | D:1      | Reached XP level 3. HP: 23/23 MP: 3/3
  1634 | D:2      | Reached skill level 1 in Dodging
  1697 | D:2      | Reached XP level 4. HP: 26/29 MP: 4/4
  2620 | D:3      | Reached XP level 5. HP: 30/33 MP: 5/5
  2701 | D:3      | Noticed Natasha
  2715 | D:3      | Killed Natasha
  2927 | D:3      | Noticed Jessica
  2944 | D:3      | Killed Jessica
  3116 | D:3      | Noticed Natasha
  3125 | D:3      | Killed Natasha
  3212 | D:3      | Noticed Natasha
  3219 | D:3      | Killed Natasha
  3220 | D:3      | Reached XP level 6. HP: 39/39 MP: 6/6
  3321 | D:3      | Noticed Robin
  3342 | D:3      | Killed Robin
  3636 | D:4      | Found a staircase to the Ecumenical Temple.
  3643 | D:4      | Noticed Blork the orc
  3647 | Temple   | Entered the Ecumenical Temple
  3656 | Temple   | Became a worshipper of Warmaster Okawaru
  3745 | D:4      | Killed Blork the orc
  3794 | D:4      | Noticed a black bear
  3812 | D:4      | Killed a black bear
  3813 | D:4      | Reached skill level 1 in Invocations
  3816 | D:4      | Noticed Ijyb
  3828 | D:4      | Killed from afar by an orc wizard

Illustrated notes

Levels and vault maps discovered:
D:1:      dpeg_arrival_water_fire, layout_basic,
          shapermc_ecumenical_altar_totnotflames, minivault_14,
          minmay_splitting_lines, item_on_display_a
D:2:      layout_basic, minmay_tromino_mix6
D:3:      layout_basic, eino_tiny_chamber, uniq_robin, uniq_jessica,
          uniq_natasha
D:4:      layout_rooms, general_overflow_altar, temple_pool_b, serial_shops,
          shop_statue, uniq_blork_the_orc, uniq_ijyb
Temple:   nicolae_temple_no_exploring_needed

Skill      XL: |  1  2  3  4  5  6 |
---------------+-------------------+-----
Dodging        | 1 2 |  2.2
Fighting       | 4 |  4.6
Armour         | 4 |  4.6
Shields        | 4 |  4.7
Maces & Flails | 3 |  3.5
Invocations    | 1 |  1.0

Action                   |  1- 3 |  4- 6 || total
-------------------------+-------+-------++-------
Melee: Flail             |    98 |   228 ||   326
 Fire: Hunting sling     |    20 |    10 ||    30
  Use: Potion            |       |     1 ||     1
Armor: Scale mail        |    77 |   152 ||   229
Dodge: Dodged            |    54 |    76 ||   130
Block: Kite shield       |    63 |   154 ||   217

Table legend: (Time is in decaauts)
 A = Elapsed time spent in this place.
 B = Non-inter-level travel time spent in this place.
 C = Inter-level travel time spent in this place.
 D = Time resting spent in this place.
 E = Time spent auto-exploring this place.
 F = Levels seen in this place.
 G = Mean time per level.
                   A        B        C        D        E       F      G
               +--------+--------+--------+--------+--------+-----+--------+
         Total |   3998 |   3805 |    193 |    418 |   2412 |   5 |  799.6 |
       Dungeon |   3955 |   3762 |    193 |    402 |   2412 |   4 |  988.8 |
        Temple |     42 |     42 |      0 |     16 |      0 |   1 |   42.0 |
               +--------+--------+--------+--------+--------+-----+--------+

Top non-repeatable levels by time:
     D:1: 1375 daAuts
     D:2: 1197 daAuts
     D:3: 1166 daAuts
     D:4: 215 daAuts
  Temple: 42 daAuts
